 Dungeon Crawl Stone Soup version 0.27-a0-1200-g94dc6ad4cf (webtiles) character file.

Game seed: 1559613134398740802

34 polve the Cudgeller (level 3, 0/29 HPs)
             Began as a Demonspawn Berserker on May 30, 2021.
             Was a Follower of Trog.
             Slain by a ball python (2 damage)
             ... on level 2 of the Dungeon.
             The game lasted 00:01:06 (939 turns).

polve the Cudgeller (Demonspawn Berserker)           Turns: 939, Time: 00:01:07

Health: 0/29       AC: 12    Str: 18    XL:     3   Next: 14%
Magic:  3/3        EV:  2    Int:  8    God:    Trog [*.....]
Gold:   12         SH:  0    Dex: 12    Spells: 2/2 levels left

rFire    . . .     SeeInvis .   a - +0 mace
rCold    . . .     Faith    .   (no shield)
rNeg     . . .     Spirit   .   g - +0 plate armour
rPois    .         Reflect  .   (no helmet)
rElec    .         Harm     .   (no cloak)
rCorr    .         Rampage  .   (no gloves)
Will     .....                  (no boots)
Stlth    ..........             (no amulet)
HPRegen  0.09/turn              (no ring)
MPRegen  0.16/turn              (no ring)

@: constricted
A: molten scales 1, magic regeneration
a: Renounce Religion, Berserk


You were on level 2 of the Dungeon.
You worshipped Trog.
Trog was aware of your devotion.
You visited 1 branch of the dungeon, and saw 2 of its levels.

You collected 12 gold pieces.

Inventory:

Hand Weapons
 a - a +0 mace (weapon)
Armour
 g - a +0 plate armour (worn)
Scrolls
 c - a scroll of identify {unknown}
 f - a scroll of enchant armour {unknown}
Potions
 d - a potion of flight {unknown}
 e - a potion of curing {unknown}


   Skills:
 - Level 3.0 Fighting
 + Level 3.9 Maces & Flails
 - Level 1.7 Armour
 - Level 1.7 Dodging


You had 2 spell levels left.
You didn't know any spells.
Your spell library was empty.

Dungeon Overview and Level Annotations

Branches:
Dungeon (2/15)

Altars:


Innate Abilities, Weirdness & Mutations

You are partially covered in molten scales. (AC +2)
You regenerate magic rapidly.


Message History

The ball python constricts you. The ball python bites you.
* * * LOW HITPOINT WARNING * * *
The ball python constricts you.
The ball python bites you but does no damage.
The ball python constricts you.
The ball python bites you but does no damage.
The ball python constricts you.
The ball python bites you but does no damage.
The ball python constricts you.
The ball python bites you but does no damage.
* * * LOW HITPOINT WARNING * * *
The ball python constricts you.
The ball python bites you but does no damage.
The ball python constricts you.
The ball python bites you but does no damage.
The ball python constricts you.
The ball python bites you but does no damage.
The ball python constricts you.
The ball python bites you but does no damage.
The ball python constricts you.
The ball python bites you but does no damage.
The ball python constricts you.
The ball python bites you but does no damage.
The ball python constricts you.
The ball python bites you but does no damage.
The ball python constricts you.
The ball python bites you but does no damage.
* * * LOW HITPOINT WARNING * * *
The ball python constricts you.
The ball python bites you but does no damage.
The ball python constricts you.
The ball python bites you but does no damage.
The ball python constricts you.
The ball python bites you but does no damage.
The ball python constricts you.
The ball python bites you but does no damage.
The ball python constricts you. The ball python bites you.
You die...

#..#.#...†##.#.####
#.................. ....
...#.#.##.##.....## ....
.......##.##......+.....
.................)#...
##.##....##.#.#.#....
#.##...)#.........#
............#.#.#S.#
##.##....##.....@..# #
#....##.#.#.#.##
#....#........#
......#......#.#
..............#.#
...............#.#
.#.............#.#
.............
.....#.##.##


You could see a ball python.

Vanquished Creatures
  An adder (D:2)
  3 dart slugs (D:1)
  2 endoplasms
  2 hobgoblins (D:1)
  2 jackals (D:1)
  3 ball pythons (D:1)
  2 frilled lizards (D:1)
  2 goblins
  A kobold (D:1)
  2 rats
20 creatures vanquished.

Notes
Turn   | Place    | Note
-------+----------+-------------------------------------------
     0 | D:1      | polve the Demonspawn Berserker began the quest for the Orb.
     0 | D:1      | Reached XP level 1. HP: 18/18 MP: 1/1
   257 | D:1      | Gained mutation: You are partially covered in molten
                  | scales. (AC +2) [demonic ancestry]
   257 | D:1      | Reached XP level 2. HP: 16/24 MP: 2/2
   860 | D:2      | Gained mutation: You regenerate magic rapidly. [demonic
                  | ancestry]
   860 | D:2      | Reached XP level 3. HP: 29/29 MP: 3/3
   935 | D:2      | HP: 1/29 [ball python (1)]
   939 | D:2      | Slain by a ball python

Illustrated notes

Levels and vault maps discovered:
D:1:      minmay_arrival_shoal_huts, layout_loops_ring, minivault_19
D:2:      layout_basic, serial_glass, glass_columns_a, glass_columns_b,
          glass_columns_b, glass_columns_b, glass_columns_a, glass_columns_c,
          minmay_strange_pillars, due_unseen_surprise, item_on_display_a,
          item_on_display_a, basic_altar, hellmonk_ecumenical_altar_blasted,
          hangedman_decor_peaks_small, chequers_hall_statues_y,
          minmay_misc_feat_rugged, uniq_natasha, uniq_sigmund

Skill      XL: |  1 |
---------------+----+-----
Maces & Flails | 3 |  3.9
Fighting       | |  3.0
Armour         | |  1.7
Dodging        | |  1.7

Action                   || total
-------------------------++-------
Melee: Mace              ||    54
Invok: Berserk           ||     1
 Stab: Sleeping          ||     1
Armor: Animal skin       ||    13
       Plate armour      ||    77
Dodge: Dodged            ||    36

Table legend: (Time is in decaauts)
 A = Elapsed time spent in this place.
 B = Non-inter-level travel time spent in this place.
 C = Inter-level travel time spent in this place.
 D = Time resting spent in this place.
 E = Time spent auto-exploring this place.
 F = Levels seen in this place.
 G = Mean time per level.
                   A        B        C        D        E       F      G
               +--------+--------+--------+--------+--------+-----+--------+
         Total |    964 |    919 |     45 |      2 |    674 |   2 |  482.0 |
       Dungeon |    964 |    919 |     45 |      2 |    674 |   2 |  482.0 |
               +--------+--------+--------+--------+--------+-----+--------+

Top non-repeatable levels by time:
     D:1: 822 daAuts
     D:2: 142 daAuts
